 Dungeon Crawl Stone Soup version 0.18.1-50-g88ac8fd (webtiles) character file.

2537 WhiskeyPanda the Covered (level 9, -7/71 HPs)
             Began as a Demonspawn Abyssal Knight on Sept 14, 2016.
             Was a High Priest of Lugonu.
             Mangled by an ogre
             ... wielding a +0 giant spiked club
              (14 damage)
             ... on level 8 of the Dungeon.
             The game lasted 00:38:52 (6721 turns).

WhiskeyPanda the Covered (DsAK)                     Turns: 6721, Time: 00:38:53

Health: -7/71      AC: 15    Str: 16    XL:     9   Next: 30%
Magic:  0/10       EV:  1    Int: 18    God:    Lugonu [*****.]
Gold:   488        SH:  8    Dex: 13    Spells: 0 memorised, 8 levels left

rFire  . . .     SeeInvis .     a - +1 mace
rCold  . . .     Gourm    .     j - +1 chain mail
rNeg   . . .     Faith    .     T - +0 shield
rPois  .         Spirit   +     (no helmet)
rElec  .         Dismiss  .     e - +0 cloak
rCorr  .         Reflect  .     i - +0 pair of gloves
SustAt .         Harm     .     (no boots)
MR     .....                    r - amulet of guardian spirit
Stlth  ..........               R - ring of stealth
                                Q - ring of flight

@: brilliant, very slightly contaminated, not resistant to hostile enchantments,
extremely unstealthy
A: claws 1, rugged brown scales 1, spiny 2
a: Depart the Abyss, Bend Space, Banish, Corrupt, Enter the Abyss, Renounce
Religion, Evoke Flight


You were on level 8 of the Dungeon.
You worshipped Lugonu.
Lugonu was extremely pleased with you.
You were not hungry.

You visited 1 branch of the dungeon, and saw 8 of its levels.
You visited the Abyss 1 time.
You also visited: Sewer.

You collected 488 gold pieces.

Inventory:

Hand Weapons
 a - a +1 mace (weapon)
 m - a +4 dagger
 q - a +1 short sword of protection
Missiles
 A - 4 tomahawks
 U - 6 javelins (quivered)
Armour
 e - a +0 cloak (worn)
 i - a +0 pair of gloves (worn)
 j - a +1 chain mail (worn)
 T - a +0 shield (worn)
Jewellery
 r - an amulet of guardian spirit (around neck)
 Q - a ring of flight (left hand)
 R - a ring of stealth (right hand)
Wands
 h - a wand of flame (30/48)
 n - a wand of flame (8/48)
 D - a wand of random effects (25/48)
 K - a wand of lightning (1/15)
 P - a wand of flame (18/48)
 X - a wand of flame (22/48)
Scrolls
 s - a scroll of immolation
 x - a scroll of enchant weapon {unknown}
 y - a scroll of enchant armour
 z - a scroll of remove curse
 E - a scroll of noise {unknown}
 H - 5 scrolls of teleportation
 L - 3 scrolls of magic mapping {unknown}
 N - a scroll of random uselessness {unknown}
 W - a scroll of identify
Potions
 b - 2 potions of brilliance
 g - a potion of degeneration {unknown}
 o - a potion of invisibility {unknown}
 p - 3 potions of mutation {unknown}
 u - 5 potions of curing
 v - a potion of resistance {unknown}
 B - a potion of might
 C - 2 potions of lignification {unknown}
 F - 3 potions of cancellation {unknown}
 G - 2 potions of ambrosia {unknown}
 I - a potion of haste {unknown}
 J - a potion of magic {unknown}
 S - 2 potions of cure mutation {unknown}
Books
 w - a book of the Earth

   Spells                             Type                      Level
   a - Leda's Liquefaction            Hexes/Earth                  4
   b - Bolt of Magma                  Conjuration/Fire/Earth       5
   c - Statue Form                    Transmutation/Earth          6
   d - Iron Shot                      Conjuration/Earth            6
   e - Shatter                        Earth                        9
 M - a book of Maledictions

   Spells                             Type                      Level
   a - Corona                         Hexes                        1
   b - Ensorcelled Hibernation        Hexes/Ice                    2
   c - Confuse                        Hexes                        3
   d - Tukima's Dance                 Hexes                        3
   e - Dazzling Spray                 Conjuration/Hexes            3
 O - a book of Air

   Spells                             Type                      Level
   a - Shock                          Conjuration/Air              1
   b - Swiftness                      Charms/Air                   2
   c - Repel Missiles                 Charms/Air                   2
   d - Static Discharge               Conjuration/Air              3
   e - Lightning Bolt                 Conjuration/Air              5
 V - a book of Enchantments

   Spells                             Type                      Level
   a - Cause Fear                     Hexes                        4
   b - Yara's Violent Unravelling     Hexes/Transmutation          5
   c - Silence                        Hexes/Air                    5
   d - Deflect Missiles               Charms/Air                   6
   e - Haste                          Charms                       6
   f - Discord                        Hexes                        8
Comestibles
 c - 3 bread rations
 d - a beef jerky
 f - 2 meat rations
 k - 2 slices of pizza
 l - 7 fruits


   Skills:
 + Level 6.0 Fighting
 + Level 0.3 Short Blades
 + Level 5.3 Maces & Flails
 + Level 2.9 Throwing
 + Level 7.2 Armour
 + Level 3.5 Dodging
 + Level 1.4 Stealth
 + Level 2.3 Shields
 + Level 2.4 Invocations
 + Level 0.6 Evocations


You had 8 spell levels left.
You didn't know any spells.

Dungeon Overview and Level Annotations

Branches:
Dungeon (8/15)             Temple (0/1) D:7            Lair (0/8) D:8

Altars:
Ashenzari
Pakellas
Vehumet

Annotations:
D:8 Pikel


Innate Abilities, Weirdness & Mutations

You have sharp fingernails.
You are partially covered in rugged brown scales (AC +1, +3% HP).
You are mostly covered in sharp spines.


Message History

Read which item? (? for menu, Esc to quit)
Blink to where?
Press: ? - help, Dir - move target cursor You are very lightly contaminated with residual magic.
As you read the scroll of blinking, it crumbles to dust.
The ogre barely misses you.
You are too injured to fight recklessly!
You hit the ogre.
The ogre is lightly wounded.
The ogre is struck by your spines. The ogre completely misses you.
You hit the ogre.
The ogre is heavily wounded.
You hit the ogre.
The ogre is heavily wounded.
The ogre hits you with a giant spiked club!!
* * * LOW HITPOINT WARNING * * *
The ogre is struck by your spines. The ogre barely misses you.
There is a stone staircase leading up here.
The ogre hits you with a giant spiked club!
You die...

............
.......... ........
#♣r...P. #..t....
###########rsp.(.( #
#.Y.ro.rYp..Kp....
#.#O##########rpt...
#..@...r.lp t.r....
########### #p#.....
#.#..... #.#.#...


You could see a yak, a basilisk, an ogre, a slave and a rat.

Vanquished Creatures
  Joseph (D:7)
  Grinder (D:5)
  Sigmund (D:5)
  2 yaks (D:8)
  Duvessa (D:7)
  3 porcupines (D:8)
  An ogre (D:6)
  A centaur (D:7)
  A giant frog (D:7)
  Dowan (D:7)
  A scorpion (D:6)
  5 crimson imps
  A giant frog zombie (D:7)
  2 orc priests
  3 jellies
  3 hounds
  2 iguanas
  3 orc wizards (D:7)
  2 worker ants
  A worker ant zombie (D:6)
  A howler monkey skeleton (D:6)
  5 adders
  2 river rats (Sewer)
  A shadow imp (D:7)
  An adder skeleton (D:5)
  A worm (D:2)
  A dart slug (D:1)
  2 giant geckos
  21 orcs
  3 giant cockroaches
  6 goblins
  12 hobgoblins
  6 jackals
  7 kobolds
  6 quokkas
  2 ball pythons
  A ball python skeleton (D:6)
  7 bats
  A giant gecko skeleton (D:5)
  14 giant newts
  A jackal skeleton (D:4)
  2 quokka zombies
  8 rats
  A fungus (D:1)
148 creatures vanquished.

Vanquished Creatures (others)
  A plant (D:8)
1 creature vanquished.

Grand Total: 149 creatures vanquished

Notes
Turn   | Place    | Note
--------------------------------------------------------------
     0 | Abyss:1  | WhiskeyPanda the Demonspawn Abyssal Knight began the quest for the Orb.
     0 | Abyss:1  | Reached XP level 1. HP: 18/18 MP: 2/2
    70 | D:1      | Escaped the Abyss
   399 | D:1      | Gained mutation: You have sharp fingernails. [demonic ancestry]
   399 | D:1      | Reached XP level 2. HP: 24/24 MP: 3/3
   423 | D:1      | Reached skill level 1 in Dodging
   503 | D:1      | HP: 1/24 [hobgoblin/club (4)]
   662 | D:1      | Reached ** piety under Lugonu
  1148 | D:2      | Found a shattered altar of Ashenzari.
  1195 | D:2      | Gained mutation: You are partially covered in rugged brown scales (AC +1, +3% HP). [demonic ancestry]
  1195 | D:2      | Reached XP level 3. HP: 24/29 MP: 4/4
  1307 | D:2      | Reached skill level 2 in Armour
  1968 | D:3      | Found an oddly glowing altar of Pakellas.
  2149 | D:3      | Found a faded altar to an unknown god.
  2201 | D:3      | Gained mutation: You are partially covered in sharp spines. [demonic ancestry]
  2201 | D:3      | Reached XP level 4. HP: 20/38 MP: 5/5
  2832 | D:4      | Reached XP level 5. HP: 40/43 MP: 6/6
  2929 | D:4      | Reached skill level 3 in Armour
  3060 | D:5      | Entered Level 5 of the Dungeon
  3167 | D:5      | Noticed Grinder
  3178 | D:5      | Killed Grinder
  3178 | D:5      | Reached XP level 6. HP: 17/50 MP: 2/7
  3395 | D:5      | Reached *** piety under Lugonu
  3453 | D:5      | Reached skill level 4 in Armour
  3545 | D:5      | Found a glowing drain.
  3557 | Sewer    | Entered a sewer
  4027 | D:5      | Noticed Sigmund
  4044 | D:5      | Killed Sigmund
  4044 | D:5      | Reached XP level 7. HP: 37/56 MP: 6/8
  4383 | D:5      | Reached **** piety under Lugonu
  4390 | D:5      | Reached skill level 5 in Fighting
  4741 | D:6      | Found a radiant altar of Vehumet.
  4993 | D:6      | Reached skill level 5 in Armour
  5627 | D:6      | Gained mutation: You are mostly covered in sharp spines. [demonic ancestry]
  5627 | D:6      | Reached XP level 8. HP: 57/63 MP: 7/9
  5862 | D:7      | Reached skill level 1 in Stealth
  5928 | D:7      | Reached skill level 1 in Throwing
  5928 | D:7      | Reached skill level 6 in Armour
  5928 | D:7      | Reached skill level 1 in Shields
  5983 | D:7      | Noticed Joseph
  6014 | D:7      | HP: 3/64 [Joseph/wand of lightning (8)]
  6026 | D:7      | Killed Joseph
  6219 | D:7      | Noticed Duvessa
  6219 | D:7      | Noticed Dowan
  6226 | D:7      | Killed Duvessa
  6229 | D:7      | Killed Dowan
  6305 | D:7      | Reached ***** piety under Lugonu
  6475 | D:7      | Found a staircase to the Ecumenical Temple.
  6682 | D:8      | Noticed Pikel
  6682 | D:8      | Reached skill level 5 in Maces & Flails
  6682 | D:8      | Reached XP level 9. HP: 53/71 MP: 8/10
  6695 | D:8      | Reached skill level 7 in Armour
  6707 | D:8      | Found a staircase to the Lair.
  6721 | D:8      | Mangled by an ogre

Skill      XL: |  1  2  3  4  5  6  7  8  9 |
---------------+----------------------------+-----
Maces & Flails | 2 3 5 |  5.3
Dodging        | 1 2 3 |  3.5
Armour         | 2 3 4 5 6 7 |  7.2
Fighting       | 4 5 6 |  6.0
Stealth        | 1 |  1.4
Throwing       | 2 |  2.9
Shields        | 2 |  2.3
Short Blades   | |  0.3
Invocations    | |  2.4
Evocations     | |  0.6

Action                   |  1- 3 |  4- 6 |  7- 9 || total
-------------------------+-------+-------+-------++-------
Melee: Mace              |   153 |    96 |   175 ||   424
       Short sword       |     3 |       |       ||     3
Throw: Javelin           |       |       |    28 ||    28
Invok: Bend Space        |       |       |     1 ||     1
Evoke: Wand              |       |       |     2 ||     2
  Use: Scroll            |     4 |     1 |     6 ||    11
       Potion            |     1 |       |     4 ||     5
  Eat: Bread ration      |     1 |     2 |     1 ||     4
       Fruit             |     1 |     2 |       ||     3
Armor: Leather armour    |    46 |       |       ||    46
       Chain mail        |    49 |    53 |    91 ||   193
Dodge: Dodged            |   104 |    28 |    45 ||   177
Block: Shield            |       |       |    44 ||    44
